Yev-Ruu, chaotic female vampiric Convict -------------- ------------...%........| -----.......%.....--------..| |.....%)%.------%.---- |..| ---- --.......-| |....<| --.| --- |..-- --.......| |.%...| |.| -------- --.--- --...| |......-- |.%...| |.|-- |..||..-- |....---- ---....| --.....| --....| ---.|.| |@@-->..| --......----.....---- |....-- ---..| --.....| |.|.....----- |.......^..........| ---..-- --.| |......| |.|......--.-- ---....---....----.--- |...-- |.| --....-| |............| |....--...(-- |...-- ---.|.| ---.|---.....---............| |...-|.....| ---..--- |...|.| ---...|-....%......|.........-- --..|--....-- |.%..--------.--|.| |.....|..........|.|.........-- --.----.....| ---.........).| |.----- |...........|.--.|.|..........| |...--.....^-- |.....------- |...|.| |.........-----|...|--........| |............| --....| ---...| |.........| |.-.--|........| |.....(.....-- |..--- |...| |.........| |....|----..---- --..--..----- ---- ----- -----.....| |.^..| |..| -------- |..--.| ---.-- ---- ------- --- Yev-Ruu the Jail-bird Experience level: 7 Strength: 10 Dexterity: 12 Constitution: 20 Intelligence: 12 Wisdom: 9 Charisma: 6 Health: 0(73) Energy: 35(35) AC: 8 Gold: 11 Moves: 1384 Your Inventory: Coins $ - 11 gold pieces Armor b - a cursed +0 striped shirt (being worn) e - an [uncursed] +0 pair of jackboots [high] (being worn) k - an [uncursed +0] hooded cloak [dwarvish] o - a [blessed +2] hooded cloak [dwarvish] Scrolls n - a [blessed] scroll labeled READ ME [of destroy armor] Potions f - an [uncursed] clear potion [of water] Tools i - an [uncursed +0] pick-axe s - 2 [uncursed tallow] candles Gems j - an [uncursed] yellowish brown gem [worthless glass] l - an [uncursed] orange gem [worthless glass] m - an [uncursed] blue gem [worthless glass] p - 2 [uncursed] red gems [worthless glass] r - 2 [uncursed] green gems [worthless glass] Iron balls c - an [uncursed] rusty heavy iron ball (chained to you) (weapon in hand) Spells known in the end: Name Level Category Fail Memory Your skills at the end: Fighting Skills Weapon Skills sling [Basic / Skilled] Spellcasting Skills Final Attributes: You were devoutly aligned. Hunger level was 299. Your alignment was 16 / 16. Monster difficulty range was 0 - 5. Level difficulty was 4. You were immune to poison. You were immune to level-drain. You were immune to sickness. You were punished. You could fly. You could survive without air. You regenerated. Your luck was zero. You are dead. Vanquished creatures: 2 gnome lords a gnomish wizard a floating eye 4 dwarves a kobold shaman 4 killer bees 2 hobbits 23 gnomes a gecko a jackal a fox 2 kobolds a goblin a grid bug 3 lichens a newt 49 creatures vanquished. Voluntary challenges: You went without food. You were illiterate. You never hit with a wielded weapon. You put on armor 2 times. You never genocided any monsters. You never polymorphed an object. You never changed form. You used no wishes. You abstained from Elbereth's help. You never encountered a bones level. You never used any Sokoban shortcuts. Dungeon overview: The Dungeons of Doom: levels 1 to 2 Level 1 a long staircase Level 2 a fountain stairs to The Gnomish Mines The Gnomish Mines: levels 3 to 5 Level 3 stairs to The Dungeons of Doom Level 4 <- You were here History has recorded: On T:1 you entered the Dungeons of Doom to retrieve the Amulet of Yendor! On T:368 you advanced to experience level 2. On T:622 you reached level 2 of The Dungeons of Doom. On T:674 you reached level 1 of The Gnomish Mines. On T:677 you advanced to experience level 3. On T:689 you advanced to experience level 4. On T:719 you advanced to experience level 5. On T:887 you reached level 2 of The Gnomish Mines. On T:936 you advanced to experience level 6. On T:1350 you reached level 3 of The Gnomish Mines. On T:1364 you advanced to experience level 7. Latest messages: The killer bee stings! (2x) [HP-1=39] [HP+1=40] [HP+1=41] [HP+1=42] The killer bee just misses! [HP+1=43] The killer bee stings! You are already wielding that! You miss the killer bee. You bite the killer bee. You kill the killer bee! The watch captain swings his long sword. The watch captain hits! The watch captain swings his long sword. The watch captain hits! [HP-29=14] The watch captain swings his long sword. The watch captain hits! The watch captain swings his long sword. The watch captain hits! You die... Final status: Goodbye Yev-Ruu the Convict... You died in The Gnomish Mines on dungeon level 4 with 1400 points, and 11 pieces of gold, after 1384 moves. You were level 7 with a maximum of 73 hit points when you died.